Unix NetHack Version 5.0.0-0 post-release - last build May 31 2026 23:59:36 (970b52f25bf058293b47ddfd14a1e40e571c508c,branch:main).

Game began 2026-06-03 20:09:07, ended 2026-06-03 20:18:44.

Eymerich, chaotic male elven Priest

                                               --------
                               -----           |(.....|
                               |..>|           |......|          --------
                              #-....#          |..(...|          |......|
 -------------                #-----#          |....<..########  |...(..|
 |[[.?..?*(..|                ###   ###        -.------       ###.......|
 |%%%()*)%[!.|                  #    ######     #                |......|
 |+*!!%]!*]@.|                  #     #   ##   ##                |....%.|
 |m@[*%%(%%!.d######            #       ## -.--|--               |......|
 -------------     ##           #        # |.....|               --------
                    #           #        ##-.....|
                    ##     -----#          |.....|
                     #     |.>.|#          |.....|
                     ######|....#          |.....|
                          #..[.|           -------
                           |..^|
                           |...|
                           -----

Eymerich the Acolyte         St:12 Dx:12 Co:13 In:9 Wi:20 Ch:9  Chaotic
Dlvl:2  $:0  HP:0(18) Pw:7(19) AC:7  Xp:3 T:958 

Latest messages:
 You see here a brown potion (for sale, 133 zorkmids).
 You see here a can of grease (for sale, 27 zorkmids).
 "For you, good hir; only 27 zorkmids for this can of grease."
 y - a can of grease (unpaid, 27 zorkmids).
 You see here a brass lantern (for sale, 16 zorkmids).
 You see here 6 rocks (for sale, 42 zorkmids).
 You see here a scroll labeled VERR YED HORRE (for sale, 178 zorkmids).
 You see here a tattered cape (for sale, 80 zorkmids).
 "For you, most gracious hir; only 80 zorkmids for this tattered cape."
 z - a tattered cape (unpaid, 80 zorkmids).
 What do you want to take off? [bcp or ?*]
 You were wearing a +0 small shield.
 What do you want to take off? [bp or ?*]
 You were wearing a +0 robe.
 What do you want to wear? [bcz or ?*]
 You are now wearing a tattered cape.
 You see here a zinc wand (for sale, 200 zorkmids).
 You see here a scroll labeled VERR YED HORRE (for sale, 133 zorkmids).
 You see here a zinc wand (for sale, 200 zorkmids).
 "For you, good hir; only 200 zorkmids for this zinc wand."
 A - a zinc wand (unpaid, 200 zorkmids).
 You see here a scroll labeled VERR YED HORRE (for sale, 133 zorkmids).
 You see here a jeweled wand (for sale, 267 zorkmids).
 "For you, most gracious hir; only 267 zorkmids for this jeweled wand."
 B - a jeweled wand (unpaid, 267 zorkmids).
 You see here a studded leather armor (for sale, 20 zorkmids).
 You see here a banded mail (for sale, 120 zorkmids).
 You see here a lembas wafer (for sale, 60 zorkmids).
 You see here 2 food rations (for sale, 120 zorkmids).
 You see here 2 blue gems (for sale, 8000 zorkmids).
 What do you want to write with? [- akqstvwAB or ?*]
 You write in the dust with a blue gem.
 Never mind.
 #
 What do you want to name? [a-hjkmnp-zAB or ?*]
 You see here 2 food rations (for sale, 120 zorkmids).
 You see here 2 blue gems (for sale, 8000 zorkmids).
 You see here 11 cursed bamboo arrows (for sale, 55 zorkmids).
 "For you, most gracious hir; only 5 zorkmids per bamboo arrow."
 C - 11 cursed bamboo arrows (unpaid, 55 zorkmids).
 That food ration is a giant mimic!
 You cannot escape from the giant mimic!
 The giant mimic hits!
 The giant mimic hits again!
 You die...
 Adjama comes and takes all your possessions.
 Do you want to see what you had when you died? [ynq] (y)
 Do you want to see your attributes? [ynq] (y)
 Do you want an account of creatures vanquished? [ynaq] (y)
 Do you want to see your conduct and achievements? [ynq] (y)

Inventory:
 Amulets  ('"')
  x - an amulet of magical breathing
 Weapons  (')')
  v - a +0 arrow
  C - 11 cursed -3 ya
  k - a cursed -1 crossbow
  a - a blessed +1 mace (weapon in right hand)
 Armor    ('[')
  p - a +0 pair of high boots (being worn)
  c - a +0 small shield
  z - a +0 cloak of magic resistance (being worn)
  b - a +0 robe
 Comestibles  ('%')
  e - a clove of garlic
  r - 2 food rations
  m - 3 fortune cookies
  f - a sprig of wolfsbane
  u - a tripe ration
  n - 2 lichen corpses
 Scrolls  ('?')
  j - 2 scrolls of enchant armor
 Spellbooks  ('+')
  g - a spellbook of protection
  h - a spellbook of remove curse
 Potions  ('!')
  d - 4 potions of holy water
 Wands    ('/')
  q - a wand of cancellation (0:7)
  B - a wand of opening (0:7)
  A - a wand of speed monster (0:7)
 Tools    ('(')
  y - a can of grease (0:9)
 Gems/Stones  ('*')
  w - a worthless piece of blue glass named soft
  s - a cursed worthless piece of blue glass named soft
  t - 12 rocks

Eymerich the Priest's attributes:

Background:
 You were an Acolyte, a level 3 elven Priest.
 You were chaotic, on a mission for Anhur
 who was opposed by Ptah (lawful) and Thoth (neutral).
 You were right-handed.
 You were in the Dungeons of Doom, on level 2.
 You entered the dungeon 958 turns ago.
 You had 47 experience points, 33 more were needed to attain level 4.

Basics:
 You had 0 out of 18 hit points.
 You had 7 out of 19 energy points (spell power).
 Your armor class was 7.
 Your wallet was empty.
 Autopickup was off.

Final Characteristics:
 Your strength was 12 (limit:18).
 Your dexterity was 12 (limit:18).
 Your constitution was 13 (limit:16).
 Your intelligence was 9 (limit:20).
 Your wisdom was 20 (limit:20).
 Your charisma was 9 (limit:18).

Final Status:
 You were held by a giant mimic (west).
 You weren't hungry.
 You were unencumbered.
 You were wielding a mace.
 You had basic skill with mace.

Final Attributes:
 You were devoutly aligned.
 You were magic-protected.
 You were poison resistant.
 You had infravision.
 You were warded.
 You are dead.

Miscellaneous:
 You didn't encounter any bones levels.
 Total elapsed playing time was 9 minutes and 36 seconds.

Major events:
 Turn
    1: Eymerich the chaotic elven Priest entered the dungeon
  864: attained the rank of Acolyte (level 3)
  958: killed by a giant mimic

Spells:
 Name                 Level Category     Fail Retention
 protection             1   clerical       0%  91%-100%
 remove curse           3   clerical       0%  91%-100%

Skills:
 Fighting Skills
   bare handed combat [Unskilled]
 Weapon Skills
   club               [Unskilled]
   mace               [Basic]
   morning star       [Unskilled]
   flail              [Unskilled]
   hammer             [Unskilled]
   quarterstaff       [Unskilled]
   polearms           [Unskilled]
   spear              [Unskilled]
   trident            [Unskilled]
   lance              [Unskilled]
   bow                [Unskilled]
   sling              [Unskilled]
   crossbow           [Unskilled]
   dart               [Unskilled]
   shuriken           [Unskilled]
   boomerang          [Unskilled]
   unicorn horn       [Unskilled]
 Spellcasting Skills
   healing spells     [Unskilled]
   divination spells  [Unskilled]
   clerical spells    [Basic]

Voluntary challenges:
 Character rerolling was not enabled.
 You were an atheist.
 You were illiterate.
 You never genocided any monsters.
 You never polymorphed an object.
 You never changed form.
 You used no wishes.
Achievements:
 You entered a shop.
 You attained the rank of Acolyte.

 The Dungeons of Doom: levels 1 to 3
    Level 1: "vault"
    Level 2: <- You were here.
       A general store.
       Final resting place for
          you, killed by a giant mimic.
    Level 3:
       A potion shop.


Vanquished creatures:
  a shrieker
  2 geckos
  4 jackals
  2 foxes
  2 kobolds
  3 grid bugs
  3 lichens
  a kobold zombie
  5 newts
23 creatures vanquished.

No species were genocided or became extinct.

Game over:
                       ----------
                      /          \
                     /    REST    \
                    /      IN      \
                   /     PEACE      \
                  /                  \
                  |     Eymerich     |
                  |       0 Au       |
                  |   killed by a    |
                  |   giant mimic    |
                  |                  |
                  |                  |
                  |       2026       |
                 *|     *  *  *      | *
        _________)/\\_//(\/(/\)/\//\/|_)_______

Goodbye Eymerich the Priest...

You died in The Dungeons of Doom on dungeon level 2 with 288 points,
and 0 pieces of gold, after 958 moves.
You were level 3 with a maximum of 18 hit points when you died.

